 Dungeon Crawl Stone Soup version 0.22.1-1-ga44c0e5 (webtiles) character file.

147189 JeffiDaFish the Tortoise (level 17, -3/116 HPs)
             Began as a Gargoyle Fighter on Oct 3, 2018.
             Was the Champion of Okawaru.
             Slain by the 27-headed Lernaean hydra (5 damage)
             ... on level 4 of the Swamp on Oct 4, 2018.
             The game lasted 01:33:58 (35935 turns).

JeffiDaFish the Tortoise (Gargoyle Fighter)        Turns: 35935, Time: 01:33:59

Health: -3/116     AC: 40    Str: 36    XL:     17   Next: 46%
Magic:  15/17      EV: 13    Int: 15    God:    Okawaru [******]
Gold:   2470       SH: 18    Dex: 13    Spells: 16/16 levels left

rFire    . . .     SeeInvis .   n - +8 flail of Annoyance {speed, Dex+4}
rCold    + + .     Gourm    .   c - +0 shield
rNeg     + . .     Faith    .   J - +1 chain mail of the Arcane {Str+4}
rPois    ∞         Spirit   .   m - +2 helmet
rElec    +         Reflect  .   (no cloak)
rCorr    .         Harm     .   g - +2 pair of gloves {Str+3}
MR       ++...                  p - +1 pair of boots
Stlth    ..........             I - amulet "Kociplam" {Regen+ Int+5}
HPRegen  0.69/turn              i - +3 ring of strength
MPRegen  0.15/turn              B - ring of protection from magic

@: heroism, flying
A: big wings, cold resistance 2, negative energy resistance 1, electricity
resistance, unbreathing, petrification resistance, rot immunity, AC +12
a: Stop Flying, Heroism, Finesse, Renounce Religion


You were on level 4 of the Swamp.
You worshipped Okawaru.
Okawaru was exalted by your worship.
You were not hungry.

You visited 5 branches of the dungeon, and saw 28 of its levels.
You also visited: Labyrinth, Sewer and Ossuary.

You collected 3191 gold pieces.
You spent 721 gold pieces at shops.

Inventory:

Hand Weapons
 b - the +7 mace of Supply {freeze, *Rage +Fly MR+ Dex+4}
   (You bought it in a shop on level 2 of the Orcish Mines)

   It has been specially enchanted to freeze those struck by it, causing extra
   injury to most foes and up to half again as much damage against particularly
   susceptible opponents.
   It can also slow down cold-blooded creatures.
   It affects your dexterity (+4).
   It affects your resistance to hostile enchantments.
   It lets you fly.
   It may make you go berserk in combat.
 n - the +8 flail of Annoyance (weapon) {speed, Dex+4}
   (You bought it in a shop on level 2 of the Orcish Mines)

   Attacks with this weapon are significantly faster.
   It affects your dexterity (+4).
 y - a +1 flail of venom
Armour
 c - a +0 shield (worn)
 g - a +2 pair of gloves of strength (worn)
 k - a scarf of repulsion
 m - a +2 helmet (worn)
 p - a +1 pair of boots (worn)
 x - a scarf of resistance
 A - a +2 cloak
 J - the +1 chain mail of the Arcane (worn) {Str+4}
   (You found it on level 1 of the Lair of Beasts)

   It affects your strength (+4).
Jewellery
 i - a +3 ring of strength (left hand)
 B - a ring of protection from magic (right hand)
 I - the amulet "Kociplam" (around neck) {Regen+ Int+5}
   (You took it off an orc on level 13 of the Dungeon)

   [amulet of regeneration]

   It affects your intelligence (+5).
   It increases your rate of regeneration.
Wands
 j - a wand of iceblast (19)
 H - a wand of digging (8)
Scrolls
 h - 2 scrolls of fog
 o - 10 scrolls of identify
 r - 2 scrolls of enchant armour
 t - 19 scrolls of remove curse
 v - 4 scrolls of blinking
 w - 2 scrolls of magic mapping
 z - a scroll of summoning
 D - 3 scrolls of fear
 E - a scroll of holy word
 F - 5 scrolls of teleportation
 G - 2 scrolls of amnesia
 K - 7 scrolls of enchant weapon
Potions
 d - 3 potions of might
 e - a potion of brilliance
 l - 11 potions of curing
 q - a potion of agility
 s - 2 potions of mutation
 u - a potion of cancellation
 C - 2 potions of haste
 L - a potion of heal wounds
 N - a potion of magic {unknown}
Comestibles
 a - 4 chunks of flesh
 f - 50 rations


   Skills:
 * Level 16.8(21.8) Fighting
 * Level 15.6(20.6) Maces & Flails
 * Level 16.8(21.8) Armour
 + Level 15.8(20.8) Shields


You had 16 spell levels left.
You didn't know any spells.
Your spell library contained the following spells:

 Spells                   Type           Power        Failure   Level  Hunger
 Animate Skeleton         Necr           N/A          50%         1    ##.....
 Apportation              Tloc           #.....       50%         1    ##.....
 Confusing Touch          Hex            #.....       50%         1    ##.....
 Flame Tongue             Conj/Fire      #....        50%         1    ##.....
 Magic Dart               Conj           #...         50%         1    ##.....
 Shock                    Conj/Air       #...         50%         1    ##.....
 Sting                    Conj/Pois      #...         50%         1    ##.....
 Summon Small Mammal      Summ           #...         50%         1    ##.....
 Blink                    Tloc           N/A          65%         2    ###....
 Call Imp                 Summ           #.......     65%         2    ###....
 Corpse Rot               Necr           N/A          65%         2    ###....
 Poisonous Vapours        Pois/Air       #.....       65%         2    ###....
 Searing Ray              Conj           #.....       65%         2    ###....
 Slow                     Hex            #.......     65%         2    ###....
 Swiftness                Chrm/Air       #.......     65%         2    ###....
 Throw Flame              Conj/Fire      #.....       65%         2    ###....
 Conjure Flame            Conj/Fire      #.......     86%         3    ####...
 Dazzling Spray           Conj/Hex       #.....       86%         3    ####...
 Inner Flame              Hex/Fire       #.......     86%         3    ####...
 Mephitic Cloud           Conj/Pois/Air  #.......     86%         3    ####...
 Static Discharge         Conj/Air       #.......     86%         3    ####...
 Stone Arrow              Conj/Erth      #.....       86%         3    ####...
 Airstrike                Air            #.........   99%         4    #####..
 Force Lance              Conj/Tloc      #.......     99%         4    #####..
 Fulminant Prism          Conj/Hex       #.........   99%         4    #####..
 Iskenderun's Mystic Bla  Conj           #.......     99%         4    #####..
 Leda's Liquefaction      Hex/Erth       #.........   99%         4    #####..
 Olgreb's Toxic Radiance  Pois           #.......     99%         4    #####..
 Sticky Flame             Conj/Fire      #.......     99%         4    #####..
 Blade Hands              Tmut           #.........   100%        5    ######.
 Bolt of Magma            Conj/Fire/Erth #.........   100%        5    ######.
 Borgnjor's Vile Clutch   Necr/Erth      #.........   100%        5    ######.
 Fireball                 Conj/Fire      #.........   100%        5    ######.
 Iskenderun's Battlesphe  Conj/Chrm      #.......     100%        5    ######.
 Lightning Bolt           Conj/Air       #.........   100%        5    ######.
 Silence                  Hex/Air        #.........   100%        5    ######.
 Summon Forest            Summ/Tloc      #.........   100%        5    ######.
 Venom Bolt               Conj/Pois      #.........   100%        5    ######.
 Hydra Form               Tmut           #.........   100%        6    #######
 Haunt                    Necr/Summ      #.........   100%        7    #######
 Summon Hydra             Summ           #.........   100%        7    #######
 Borgnjor's Revivificati  Necr           #.........   100%        8    #######
 Death's Door             Chrm/Necr      #.........   100%        8    #######
 Infestation              Necr           #.........   100%        8    #######
 Necromutation            Tmut/Necr      #.........   100%        8    #######


Dungeon Overview and Level Annotations

Branches:
Dungeon (15/15)            Temple (1/1) D:7            Lair (6/6) D:9
  Swamp (4/4) Lair:3       Spider (0/4) Lair:4        Slime (0/5) Lair:6
    Orc (2/2) D:9             Elf (0/3) Orc:2        Vaults (0/5) D:13
 Depths (0/5) D:15

Altars:
Ashenzari
Cheibriados
Dithmenos
Elyvilon
Fedhas
Gozag
Hepliaklqana
Kikubaaqudgha
Makhleb
Nemelex Xobeh
Okawaru
Qazlal
Ru
Sif Muna
Trog
Uskayaw
Vehumet
Wu Jian
Xom
Yredelemnul
Zin
The Shining One

Shops:
D:9 :   D:13 =   Orc:2 }}(*

Annotations:
D:14 2 transporters, bellsore's ghost, journeyman MiMo
Swamp:4 Lernaean hydra


Innate Abilities, Weirdness & Mutations

You are resistant to torment.
Your stone body is resilient. (AC +12)
You are immune to poison.
Your large and strong wings let you fly indefinitely.
You resist negative energy. (rN+)
You are resistant to electric shocks. (rElec)
You can survive without breathing.
You are immune to petrification.
You are immune to rotting.
Your flesh is very cold resistant. (rC++)


Message History

The 27-headed Lernaean hydra bites you but does no damage.
You block the 27-headed Lernaean hydra's attack. x2
The 27-headed Lernaean hydra bites you but does no damage.
The 27-headed Lernaean hydra bites you!
* * * LOW HITPOINT WARNING * * *
The 27-headed Lernaean hydra bites you but does no damage.
The 27-headed Lernaean hydra completely misses you.
The 27-headed Lernaean hydra bites you!
* * * LOW HITPOINT WARNING * * *
You block the 27-headed Lernaean hydra's attack.
The 27-headed Lernaean hydra bites you but does no damage. x3
The 27-headed Lernaean hydra completely misses you.
The 27-headed Lernaean hydra bites you but does no damage.
The 27-headed Lernaean hydra bites you!
* * * LOW HITPOINT WARNING * * *
The 27-headed Lernaean hydra bites you.
* * * LOW HITPOINT WARNING * * *
The 27-headed Lernaean hydra bites you but does no damage.
The 27-headed Lernaean hydra bites you.
You die...

##≈≈.....≈ #≈≈#.#§≈D##k
#≈≈≈.≈§≈≈≈≈ #§≈.#≈≈≈
#§†.#k# ♣♣###.D# ♣≈##≈DD#
♣.###D##### ♣♣≈#@.###≈♣
♣.#...#≈.♣ ≈.♣♣
♣♣..≈.#.♣♣
..≈♣♣♣#♣♣♣♣♣≈....♣♣
♣≈≈§≈...♣.≈≈♣§.♣♣♣ .
♣♣♣♣.≈≈........†..♣♣ ≈≈
...≈≈..≈...#...††.†♣≈♣
≈≈.≈...≈♣..≈≈≈....†.♣♣≈
≈≈≈≈≈.≈♣♣.≈.≈♣♣≈≈≈..≈≈≈§≈


You could see the 27-headed Lernaean hydra, a seven-headed hydra, 3 swamp
dragons and a swamp drake.

Vanquished Creatures
  Saint Roka (Orc:2)
  Rupert (Orc:2)
  Kirke (Lair:4)
  A thorn hunter (Swamp:3)
  An orc warlord (Orc:1)
  The ghost of Fang the Severer, a journeyman GrBe of Trog (D:12)
  A minotaur (Lab)
  2 dire elephants (Lair:6)
  An ettin (D:15)
  Josephine (D:10)
  2 merfolk impalers (D:13)
  An ogre mage (D:15)
  5 centaur warriors
  A ghost crab (Swamp:2)
  19 hydras
  A catoblepas (Lair:6)
  A death knight (D:15)
  2 two-headed ogres
  8 alligators
  13 death yaks
  A queen ant (shapeshifter) (D:15)
  2 tengu warriors
  3 orc high priests (Orc:2)
  An iron troll (D:13)
  A hell knight (D:15)
  3 skeletal warriors (D:15)
  A spriggan druid (Swamp:3)
  An unseen horror (D:11)
  4 swamp dragons
  A necromancer (Swamp:3)
  A shambling mangrove (Swamp:2)
  3 lindwurms
  A wolf spider zombie (D:15)
  6 orc knights
  3 manticores
  5 orc sorcerers (Orc:2)
  A deep elf mage (D:15)
  7 ugly things
  5 black mambas
  5 elephants
  Maurice (Orc:2)
  A cyclops (D:12)
  A torpor snail (Lair:6)
  3 gargoyles
  2 minotaur zombies (Lab)
  12 spiny frogs
  7 rime drakes
  A demonic crawler (Lair:4)
  7 komodo dragons
  A kobold demonologist (D:15)
  2 hydra zombies (Swamp:3)
  7 trolls
  9 polar bears (Lair:6)
  2 raiju (Lair:6)
  A meliai zombie (D:14)
  11 tyrant leeches
  31 slime creatures
  20 blink frogs
  6 bog bodies
  14 hippogriffs
  6 dream sheep
  An alligator zombie (Swamp:3)
  4 shadows
  4 wyverns
  A water elemental (D:14)
  A centaur simulacrum (D:15)
  A spriggan (D:7)
  4 wraiths
  A vampire (D:10)
  2 tyrant leech zombies (Swamp:3)
  75 yaks
  5 basilisks
  3 hogs (Lair:3)
  19 vampire mosquitoes
  7 wargs
  2 hungry ghosts
  14 swamp worms
  15 insubstantial wisps
  An acid dragon (D:13)
  14 hell hounds
  10 water moccasins
  5 porcupines
  42 orc warriors
  4 ice beasts
  12 swamp drakes
  13 black bears
  3 sky beasts
  14 ogres
  3 boggarts (D:14)
  A black bear (shapeshifter) (D:15)
  2 swamp dragon zombies (Swamp:3)
  13 wolves (Lair:6)
  12 crocodiles
  6 centaurs
  3 elf zombies (Ossuary)
  2 big kobolds
  21 bullfrogs
  A gnoll sergeant (D:12)
  2 water moccasin zombies
  3 wyvern zombies
  A wyvern skeleton (D:15)
  9 scorpions
  8 killer bees
  7 wights
  3 electric eels
  7 crimson imps
  4 hounds
  2 quasits
  3 bullfrog zombies
  2 human zombies (Ossuary)
  22 orc priests
  Crazy Yiuf (D:7)
  3 centaur zombies
  A gnoll shaman (D:9)
  10 jellies
  20 orc wizards
  4 bullfrog skeletons
  4 centaur skeletons
  6 iguanas
  Natasha (thrice) (D:2)
  Terence (D:2)
  9 worker ants
  4 hell rats (Lair:5)
  A big kobold zombie (Ossuary)
  A crocodile zombie (Swamp:3)
  2 hound zombies
  3 mummies (Ossuary)
  Robin (D:2)
  A howler monkey zombie (D:11)
  A howler monkey skeleton (D:5)
  15 adders
  14 gnolls
  5 shadow imps
  18 oozes
  2 adder skeletons
  3 adder zombies (Ossuary)
  9 worms
  2 dart slugs
  16 leopard geckos
  115 orcs
  18 ball pythons
  7 bats
  9 giant cockroaches
  16 goblins
  9 hobgoblins
  6 jackals
  3 quokkas
  A ball python zombie (D:6)
  9 frilled lizards
  A gnoll zombie (Ossuary)
  A goblin zombie (Ossuary)
  6 hobgoblin zombies (Ossuary)
  3 jackal zombies (Ossuary)
  18 kobolds
  3 kobold zombies (Ossuary)
  2 orc zombies (Ossuary)
  A quokka skeleton (D:4)
  4 quokka zombies
  14 rats
  3 rat zombies (Ossuary)
  A briar patch (Swamp:3)
1088 creatures vanquished.

Vanquished Creatures (others)
  A hippogriff (Lair:6)
  A yak (Lair:6)
  A warg (Lair:6)
  A briar patch (Swamp:3)
  11 fungi
  14 plants (Lair:6)
29 creatures vanquished.

Grand Total: 1117 creatures vanquished

Notes
Turn   | Place    | Note
-------+----------+-------------------------------------------
     0 | D:1      | JeffiDaFish the Gargoyle Fighter began the quest for the
                  | Orb.
     0 | D:1      | Reached XP level 1. HP: 14/14 MP: 1/1
   105 | D:1      | Reached XP level 2. HP: 19/19 MP: 2/2
   690 | D:1      | Reached XP level 3. HP: 24/24 MP: 3/3
  1235 | D:2      | Noticed Natasha
  1249 | D:2      | Killed Natasha
  1249 | D:2      | Reached XP level 4. HP: 18/29 MP: 4/4
  1369 | D:2      | Noticed Natasha
  1394 | D:2      | Killed Natasha
  1589 | D:2      | Found a hide-covered altar of Uskayaw.
  1589 | D:2      | Noticed a dagger
  1589 | D:2      | Noticed a hand axe
  1801 | D:2      | Reached XP level 5. HP: 34/34 MP: 5/5
  1817 | D:2      | Noticed Natasha
  1822 | D:2      | Killed Natasha
  1857 | D:2      | Noticed Robin
  1867 | D:2      | Killed Robin
  2101 | D:2      | Noticed Terence
  2110 | D:2      | Killed Terence
  2258 | D:3      | Found a glowing drain.
  2288 | Sewer    | Entered a sewer
  2295 | Sewer    | Reached XP level 6. HP: 38/40 MP: 6/6
  2323 | Sewer    | Reached skill level 5 in Armour
  2334 | Sewer    | Reached skill level 5 in Fighting
  2713 | Sewer    | Reached XP level 7. HP: 26/44 MP: 7/7
  3573 | D:3      | Found a hazy altar of Hepliaklqana.
  3574 | D:3      | Found a stormy altar of Qazlal.
  3577 | D:3      | Found a glowing golden altar of the Shining One.
  3843 | D:4      | Found an ornate altar of the Wu Jian Council.
  3882 | D:4      | Found a sacrificial altar of Ru.
  3997 | D:4      | Found a radiant altar of Vehumet.
  4383 | D:5      | Entered Level 5 of the Dungeon
  4429 | D:5      | Reached skill level 5 in Shields
  4429 | D:5      | Reached XP level 8. HP: 35/52 MP: 8/8
  4512 | D:5      | Found a sand-covered staircase.
  4520 | Ossuary  | Entered an ossuary
  5565 | D:5      | Found an ancient bone altar of Kikubaaqudgha.
  6181 | D:6      | Reached XP level 9. HP: 51/58 MP: 9/9
  6309 | D:6      | Reached skill level 5 in Maces & Flails
  7498 | D:7      | Found a shadowy altar of Dithmenos.
  7902 | D:7      | Found a deep blue altar of Sif Muna.
  7917 | D:7      | Found a runed door.
  7921 | D:7      | Noticed Crazy Yiuf
  7930 | D:7      | Killed Crazy Yiuf
  8395 | D:7      | Found a sacrificial altar of Ru.
  8614 | D:7      | Reached XP level 10. HP: 59/66 MP: 10/10
  8769 | D:7      | Found a blossoming altar of Fedhas.
  8826 | D:7      | Found a staircase to the Ecumenical Temple.
  8832 | Temple   | Entered the Ecumenical Temple
  8868 | Temple   | Became a worshipper of Warmaster Okawaru
  9120 | D:8      | Found an opulent altar of Gozag.
  9866 | D:9      | Noticed a death yak
  9871 | D:9      | Noticed a death yak
  9898 | D:8      | Killed a death yak
  9898 | D:8      | Reached * piety under Okawaru
  9898 | D:8      | Reached skill level 10 in Fighting
  9898 | D:8      | Reached skill level 10 in Armour
 10298 | D:9      | Noticed a death yak
 10298 | D:9      | Noticed a death yak
 10298 | D:9      | Noticed a death yak
 10335 | D:8      | Killed a death yak
 10335 | D:8      | Reached ** piety under Okawaru
 10712 | D:8      | Killed a death yak
 10712 | D:8      | Reached *** piety under Okawaru
 11126 | D:9      | Noticed a manticore
 11127 | D:9      | Found Exadd's Book Shop.
 11139 | D:9      | Killed a manticore
 11139 | D:9      | Reached XP level 11. HP: 65/73 MP: 11/11
 11424 | D:8      | Killed a death yak
 11424 | D:8      | Reached **** piety under Okawaru
 11531 | D:9      | Received a gift from Okawaru
 11916 | D:9      | Found a staircase to the Lair.
 11951 | D:9      | Killed a death yak
 11951 | D:9      | Reached ***** piety under Okawaru
 11951 | D:9      | Received a gift from Okawaru
 12196 | D:9      | Found a staircase to the Orcish Mines.
 12262 | D:9      | Found a burning altar of Makhleb.
 12262 | D:9      | Found a glowing silver altar of Zin.
 12263 | D:9      | Noticed an angel
 12263 | D:9      | Noticed a green death
 12482 | Lair:1   | Entered Level 1 of the Lair of Beasts
 12720 | Lair:1   | Got a fine chain mail
 12721 | Lair:1   | Identified the +1 chain mail of the Arcane {Str+4} (You
                  | found it on level 1 of the Lair of Beasts)
 12751 | Lair:1   | Found a labyrinth entrance.
 12760 | Lab      | Entered a labyrinth
 12871 | Lab      | Noticed a minotaur
 12896 | Lab      | Killed a minotaur
 12901 | Lab      | Got a flickering glass ring
 13579 | Lair:1   | Reached XP level 12. HP: 81/81 MP: 12/12
 13855 | Lair:2   | Received a gift from Okawaru
 14101 | Lair:2   | Noticed a five-headed hydra
 14116 | Lair:2   | Killed a five-headed hydra
 14460 | Lair:2   | Reached skill level 10 in Shields
 15173 | Lair:3   | Noticed a death yak
 15173 | Lair:3   | Noticed a death yak
 15174 | Lair:3   | Noticed a death yak
 15174 | Lair:3   | Noticed a death yak
 15176 | Lair:3   | Noticed a death yak
 15192 | Lair:2   | Killed a death yak
 15192 | Lair:2   | Received a gift from Okawaru
 15665 | Lair:3   | Found a staircase to the Swamp.
 15676 | Lair:3   | Reached skill level 10 in Maces & Flails
 15714 | Lair:3   | Reached XP level 13. HP: 64/87 MP: 13/13
 15992 | Lair:3   | Identified the ring "Mesev" {*Tele rPois Str+2 Dex+4
                  | Stlth+} (You found it in a labyrinth)
 16418 | Lair:4   | HP: 2/88 [seven-headed hydra (9)]
 16420 | Lair:4   | Reached ****** piety under Okawaru
 17032 | Lair:4   | Found a hole to the Spider Nest.
 17234 | Lair:4   | Noticed Kirke
 17966 | Lair:4   | Killed Kirke
 17966 | Lair:4   | Received a gift from Okawaru
 19636 | Lair:6   | Entered Level 6 of the Lair of Beasts
 19725 | Lair:6   | Found a staircase to the Slime Pits.
 20252 | Lair:6   | Gained mutation: Your large and strong wings let you fly
                  | indefinitely. [Gargoyle growth]
 20252 | Lair:6   | Reached XP level 14. HP: 81/94 MP: 14/14
 21406 | Lair:6   | Received a gift from Okawaru
 21515 | Lair:6   | Noticed a dire elephant
 21539 | Lair:6   | Killed a dire elephant
 22009 | Lair:6   | Noticed a dire elephant
 23216 | Lair:6   | Killed a dire elephant
 23216 | Lair:6   | Received a gift from Okawaru
 23533 | D:10     | Entered Level 10 of the Dungeon
 23909 | D:10     | Noticed Josephine
 23929 | D:10     | Killed Josephine
 24504 | D:11     | Reached XP level 15. HP: 100/100 MP: 15/15
 26020 | D:13     | Found a runed gate.
 26021 | D:13     | Found a runed gate.
 26021 | D:13     | Found a runed gate.
 26024 | D:13     | Noticed Fang's ghost (journeyman GrBe)
 26025 | D:13     | Found an iron altar of Okawaru.
 26111 | D:12     | Killed Fang's ghost
 26582 | D:13     | Found Ysicsant's Jewellery Shoppe.
 26646 | D:13     | Received a gift from Okawaru
 26741 | D:13     | Got a shimmering sapphire amulet
 26742 | D:13     | Identified the amulet "Kociplam" {Regen+ Int+5} (You took
                  | it off an orc on level 13 of the Dungeon)
 26969 | D:13     | Found a gate to the Vaults.
 27026 | D:13     | Gained mutation: Your flesh is cold resistant. (rC+)
                  | [potion of mutation]
 27026 | D:13     | Gained mutation: Your flesh is very cold resistant. (rC++)
                  | [potion of mutation]
 27026 | D:13     | Gained mutation: You evolve. [potion of mutation]
 27153 | D:13     | Lost mutation: You evolve. [end of evolution]
 27710 | D:14     | Found a transporter.
 27713 | D:14     | Found a transporter.
 27713 | D:14     | Noticed bellsore's ghost (journeyman MiMo)
 27714 | D:14     | Noticed a shadow dragon
 28075 | D:15     | Entered Level 15 of the Dungeon
 28424 | D:15     | Reached skill level 15 in Armour
 28782 | D:15     | Reached skill level 15 in Fighting
 28786 | D:15     | Received a gift from Okawaru
 28973 | D:15     | Found a staircase to the Depths.
 29278 | D:15     | Reached XP level 16. HP: 104/108 MP: 16/16
 29421 | D:15     | Reached skill level 15 in Shields
 29820 | D:10     | Received a gift from Okawaru
 29873 | Orc:1    | Entered Level 1 of the Orcish Mines
 30836 | Orc:2    | Entered Level 2 of the Orcish Mines
 30851 | Orc:2    | Noticed Saint Roka
 31223 | Orc:2    | Killed Saint Roka
 31295 | Orc:2    | Found a staircase to the Elven Halls.
 31582 | Orc:2    | Found Ducuifre's Gadget Shoppe.
 32164 | Orc:2    | Noticed Rupert
 32388 | Orc:2    | Killed Rupert
 32388 | Orc:2    | Received a gift from Okawaru
 32500 | Orc:2    | Found Guvareg's Gadget Shoppe.
 32501 | Orc:2    | Found Qeduom's General Store.
 32506 | Orc:2    | Found Ympoas's Antique Weapon Shop.
 32510 | Orc:2    | Bought a warped mace for 248 gold pieces
 32510 | Orc:2    | Identified the +7 mace of Supply {freeze, *Rage +Fly MR+
                  | Dex+4} (You bought it in a shop on level 2 of the Orcish
                  | Mines)
 32511 | Orc:2    | Bought a transparent flail for 263 gold pieces
 32511 | Orc:2    | Identified the +8 flail of Annoyance {speed, Dex+4} (You
                  | bought it in a shop on level 2 of the Orcish Mines)
 32539 | Orc:2    | Bought a scroll of enchant weapon for 105 gold pieces
 32539 | Orc:2    | Bought a scroll of enchant armour for 105 gold pieces
 32641 | Orc:2    | Noticed Maurice
 32651 | Orc:2    | Killed Maurice
 33143 | Swamp:1  | Entered Level 1 of the Swamp
 33560 | Swamp:1  | Reached skill level 15 in Maces & Flails
 34160 | Swamp:2  | Reached XP level 17. HP: 112/115 MP: 17/17
 34928 | Swamp:3  | Received a gift from Okawaru
 35005 | Swamp:3  | Identified Sophisticated Witchery
 35588 | Swamp:4  | Entered Level 4 of the Swamp
 35916 | Swamp:4  | Noticed the 27-headed Lernaean hydra
 35935 | Swamp:4  | HP: 4/116 [the 27-headed Lernaean hydra (9)]
 35935 | Swamp:4  | Slain by the 27-headed Lernaean hydra

Skill      XL: |  1  2  3  4  5  6  7  8  9 10 11 12 13 14 15 16 |
---------------+-------------------------------------------------+-----
Fighting       | 4 5 6 7 9 10 12 13 14 15 16 | 16.8
Armour         | 4 5 6 7 9 10 12 13 14 15 16 | 16.8
Shields        | 4 5 6 8 9 11 12 14 15 | 15.8
Maces & Flails | 3 4 5 6 8 10 11 13 14 15 | 15.6

Action                   |  1- 3 |  4- 6 |  7- 9 | 10-12 | 13-15 | 16-18 || total
-------------------------+-------+-------+-------+-------+-------+-------++-------
Melee: Flail             |   110 |   361 |   732 |   929 |  2423 |  1303 ||  5858
       Unarmed           |       |       |       |       |    11 |       ||    11
Invok: Heroism           |       |       |       |     2 |     3 |     2 ||     7
       Finesse           |       |       |       |       |     1 |       ||     1
 Abil: Fly               |       |       |       |       |     1 |       ||     1
Evoke: Wand              |       |       |     8 |    12 |     6 |    12 ||    38
  Use: Potion            |     1 |     1 |     4 |     1 |     6 |     3 ||    16
       Scroll            |     2 |     4 |     9 |    10 |    10 |     5 ||    40
 Stab: Petrified         |       |       |       |       |     6 |       ||     6
       Confused          |       |       |       |       |       |     1 ||     1
  Eat: Chunk             |     1 |     6 |    17 |    43 |    39 |    22 ||   128
       Ration            |       |       |     1 |     2 |       |       ||     3
Armor: Scale mail        |    40 |   221 |    82 |       |       |       ||   343
       Chain mail        |       |       |   258 |   218 |  1309 |   769 ||  2554
       Plate armour      |       |       |   184 |   336 |       |       ||   520
Dodge: Dodged            |    39 |   144 |   224 |   223 |   589 |   322 ||  1541
       Deflected         |       |       |     3 |       |       |       ||     3
Block: Shield            |    46 |   246 |   460 |   517 |  1610 |   904 ||  3783
